 Dungeon Crawl Stone Soup version 0.28.0-45-g0d030f2227 (webtiles) character file.

Game seed: 17196870885965877928

65 McKennaii the Skirmisher (level 3, -1/29 HPs)
             Began as a Demonspawn Fighter on Apr 7, 2022.
             Slain by Ijyb
             ... wielding a +0 club
              (4 damage)
             ... on level 3 of the Dungeon.
             The game lasted 00:01:26 (2451 turns).

McKennaii the Skirmisher (Demonspawn Fighter)       Turns: 2451, Time: 00:01:26

Health: -1/29      AC:  9    Str: 18    XL:     3   Next: 94%
Magic:  3/3        EV:  9    Int: 15    God:
Gold:   72         SH:  4    Dex: 12    Spells: 2/2 levels left

rFire   . . .      SeeInvis .   a - +0 trident
rCold   . . .      Faith    .   c - +0 buckler
rNeg    . . .      Spirit   .   b - +0 scale mail
rPois   .          Reflect  .   (no helmet)
rElec   .          Harm     .   f - +0 cloak
rCorr   .          Rampage  .   (no gloves)
Will    .....                   (no boots)
Stlth   ..........              (no amulet)
HPRegen 0.09/turn               h - +6 ring of intelligence
MPRegen 0.08/turn               (no ring)

@: no status effects
A: claws 1, rugged brown scales 1
a: no special abilities


You were on level 3 of the Dungeon.
You visited 1 branch of the dungeon, and saw 3 of its levels.

You collected 72 gold pieces.

Inventory:

Hand Weapons
 a - a +0 trident (weapon)
Armour
 b - a +0 scale mail (worn)
 c - a +0 buckler (worn)
 f - a +0 cloak (worn)
Jewellery
 h - a +6 ring of intelligence (left claw)
Wands
 i - a wand of iceblast (7)
Scrolls
 g - a scroll of noise {unknown}
Potions
 d - a potion of might
 e - a potion of curing {unknown}


   Skills:
 + Level 3.5 Fighting
 + Level 2.4 Polearms
 + Level 3.2 Armour
 + Level 3.2 Shields


You had 2 spell levels left.
You didn't know any spells.
Your spell library was empty.

Dungeon Overview and Level Annotations

Branches:
Dungeon (3/15)

Altars:

Annotations:
D:3 Ijyb


Innate Abilities, Weirdness & Mutations

You have sharp fingernails.
You are partially covered in rugged brown scales. (AC +1, +3% HP)


Message History

You completely miss Ijyb.
Ijyb is heavily wounded.
Ijyb zaps a wand.
You resist with significant effort.
The now-empty wand crumbles to dust.
You hit Ijyb.
Ijyb is heavily wounded.
Ijyb screams, "No!
No, no, no, no!"
Ijyb completely misses you.
You closely miss Ijyb.
Ijyb is heavily wounded.
Ijyb hits you but does no damage.
You bump into the rock wall.
Ijyb hits you with a +0 club.
You bump into the rock wall.
You feel less confused. Ijyb hits you with a +0 club.
You hit Ijyb but do no damage.
Ijyb is heavily wounded.
Ijyb closely misses you. Ijyb hits you but does no damage.
You closely miss Ijyb.
Ijyb is heavily wounded.
Ijyb hits you with a +0 club.
* * * LOW HITPOINT WARNING * * *
You hit Ijyb but do no damage.
Ijyb is heavily wounded.
Ijyb screams, "Get away!"
You block Ijyb's attack.
You hit Ijyb.
Ijyb is heavily wounded.
Ijyb hits you but does no damage.
You hit Ijyb but do no damage.
Ijyb is heavily wounded.
Ijyb completely misses you.
You hit Ijyb.
Ijyb is severely wounded.
Ijyb screams, "Me very upset!"
Ijyb hits you but does no damage. x2
You hit Ijyb but do no damage.
Ijyb is severely wounded.
Ijyb hits you with a +0 club.
You die...

.......# #.#.#
.......# ....#
.......# #...#
.......# # #!..#
....##.#####.##...#
.^.# #....#
.....######
..####....#
#.........
..........# #.@#
######..### #.g#
...# #..## #..#
...# #...# #..#
...###.#.# #..#
.....#.#.# #..#
.....#.#.## #..#
.....#.#..# #..#
.....#.##.## #..#


You could see Ijyb.

Vanquished Creatures
  An adder (D:2)
  2 worms (D:2)
  A dart slug (D:1)
  8 endoplasms
  4 giant cockroaches
  5 hobgoblins
  3 quokkas
  2 ball pythons
  2 bats (D:1)
  2 frilled lizards (D:1)
  7 goblins
  4 kobolds
  3 rats
44 creatures vanquished.

Notes
Turn   | Place    | Note
-------+----------+-------------------------------------------
     0 | D:1      | McKennaii the Demonspawn Fighter began the quest for the
                  | Orb.
     0 | D:1      | Reached XP level 1. HP: 18/18 MP: 1/1
   341 | D:1      | Gained mutation: You are partially covered in rugged brown
                  | scales. (AC +1, +3% HP) [demonic ancestry]
   341 | D:1      | Reached XP level 2. HP: 18/24 MP: 2/2
  1054 | D:1      | Found a faded altar of an unknown god.
  1315 | D:2      | Gained mutation: You have sharp fingernails. [demonic
                  | ancestry]
  1315 | D:2      | Reached XP level 3. HP: 27/29 MP: 3/3
  2406 | D:3      | Noticed Ijyb
  2451 | D:3      | Slain by Ijyb

Illustrated notes

Levels and vault maps discovered:
D:1:      minmay_arrival_hallway, layout_basic,
          dilly_ecumenical_altar_fadedgnrine
D:2:      layout_rooms, serial_co_window_serial, co_window_corner_a,
          co_window_corner_a, co_window_paths_b, co_window_of_opportunity_a,
          co_window_paths_a, co_window_corner_a, co_window_corner_cb,
          co_window_cross_2, co_window_broadway_a, co_window_paths_c,
          co_window_corner_ca, co_window_corner_b, glass_columns_a
D:3:      layout_basic, uniq_crazy_yiuf_cottage, uniq_ijyb

Skill      XL: |  1  2 |
---------------+-------+-----
Polearms       | 2 |  2.4
Armour         | 3 |  3.2
Shields        | 3 |  3.2
Fighting       | |  3.5

Action                   || total
-------------------------++-------
Melee: Trident           ||   171
Armor: Scale mail        ||    50
Dodge: Dodged            ||    52
Block: Buckler           ||    21
